 Dungeon Crawl Stone Soup version 0.22.0-18-ge075c0de6d (webtiles) character file.

44 Flugkiller the Caller (level 3, 0/18 HPs)
             Began as a Vine Stalker Summoner on Aug 18, 2018.
             Succumbed to an adder's poison
             ... on level 2 of the Dungeon.
             The game lasted 00:02:41 (1802 turns).

Flugkiller the Caller (Vine Stalker Summoner)       Turns: 1802, Time: 00:02:41

Health: 0/18       AC:  5    Str: 11    XL:     3   Next: 62%
Magic:  6/7        EV: 11    Int: 15    God:
Gold:   86         SH:  0    Dex: 14    Spells: 5/6 levels left

rFire    . . .     SeeInvis .   b - +0 dagger
rCold    . . .     Gourm    .   (no shield)
rNeg     . . .     Faith    .   h - +0 ring mail
rPois    .         Spirit   +   (no helmet)
rElec    .         Reflect  .   (no cloak)
rCorr    .         Harm     .   (no gloves)
MR       .....                  (no boots)
Stlth    +.........             (no amulet)
HPRegen  0.06/turn              (no ring)
MPRegen  0.10/turn              (no ring)

@: lethally poisoned (0 -> -5)
A: fangs 2, magic shield, antimagic bite, no potion heal 3, rot immunity
a: no special abilities


You were on level 2 of the Dungeon.
You were not hungry.

You visited 1 branch of the dungeon, and saw 2 of its levels.

You collected 86 gold pieces.

Inventory:

Hand Weapons
 b - a +0 dagger (weapon)
Armour
 h - a +0 ring mail (worn)
Scrolls
 a - a scroll of blinking {unknown}
 g - 2 scrolls of identify {unknown}
 j - a scroll of teleportation {unknown}
Potions
 d - a potion of resistance {unknown}
 e - a potion of invisibility {unknown}
 f - a potion of agility {unknown}
Comestibles
 c - a ration
 i - 3 chunks of flesh


   Skills:
 + Level 1.8 Fighting
 + Level 2.5 Dodging
 - Level 2.4 Stealth
 - Level 2.1 Spellcasting
 - Level 4.0 Summonings


You had 5 spell levels left.
You knew the following spells:

 Your Spells              Type           Power        Failure   Level  Hunger
a - Summon Small Mammal   Summ           ##..         11%         1    #......

Your spell library contained the following spells:

 Spells                   Type           Power        Failure   Level  Hunger
 Call Imp                 Summ           ##......     16%         2    ###....
 Call Canine Familiar     Summ           ##......     30%         3    ###....
 Summon Guardian Golem    Hex/Summ       #.......     56%         3    ###....
 Summon Ice Beast         Ice/Summ       #.......     93%         4    #####..
 Summon Lightning Spire   Summ/Air       #.......     93%         4    #####..


Dungeon Overview and Level Annotations

Branches:
Dungeon (2/15)

Altars:


Innate Abilities, Weirdness & Mutations

You have extremely sharp teeth.
When hurt, damage is shared between your health and your magic reserves.
Your bite disrupts and absorbs the magic of your enemies.
Potions cannot restore your health.
You are immune to rotting.


Message History

The adder is almost dead.
Your bat barely misses the adder.
The adder bites you but does no damage. The gnoll misses your rat.
Your rat barely misses the adder.
You closely miss the adder. You bite the adder. You drain its power.
You feel invigorated.
The adder is almost dead.
* * * LOW HITPOINT WARNING * * *
You feel sick. The adder bites you but does no damage.
Your bat hits the adder but does no damage.
The gnoll barely misses your rat. The gnoll barely misses you.
Your rat bites the adder.
The adder dies!
The gnoll hits your rat with a whip.
Your rat dies!
Your rat's corpse disappears in a puff of smoke!
* * * LOW HITPOINT WARNING * * *
You feel sick.
Your bat barely misses the gnoll.
Your bat hits the gnoll but does no damage.
You die...

.....#.......#.....#
............
.....#.......#.....#
#...........
.....#.......#.....# .........
..####...†...#.....# ..g....
..########.........####....#
...................#.b..g..#
.....................g.(>..##
.(......).............(#....?..
................@..g...........
.......................##......
....................#### ......
....................# ......
################....# .....
#....# ..... ######


You could see 2 gnolls and a friendly bat.

Vanquished Creatures
  A leopard gecko (D:1)
  2 bats (D:1)
  A giant cockroach (D:2)
  2 hobgoblins (D:1)
  A ball python (D:1)
  7 goblins
  3 kobolds
  2 rats
19 creatures vanquished.

Vanquished Creatures (collateral kills)
  An adder (D:2)
  3 dart slugs
  A giant cockroach (D:1)
  A goblin (D:1)
  2 hobgoblins (D:1)
  2 bats (D:2)
  A frilled lizard (D:2)
  3 kobolds
  2 rats (D:1)
16 creatures vanquished.

Grand Total: 35 creatures vanquished

Notes
Turn   | Place    | Note
-------+----------+-------------------------------------------
     0 | D:1      | Flugkiller the Vine Stalker Summoner began the quest for the Orb.
     0 | D:1      | Reached XP level 1. HP: 9/9 MP: 4/4
   371 | D:1      | Reached XP level 2. HP: 11/14 MP: 4/6
   483 | D:1      | Reached skill level 1 in Fighting
  1259 | D:1      | Reached XP level 3. HP: 18/18 MP: 7/7
  1802 | D:2      | Succumbed to an adder's poison

Skill      XL: |  1  2 |
---------------+-------+-----
Fighting       | 1 |  1.8
Dodging        | 2 |  2.5
Stealth        | |  2.4
Spellcasting   | |  2.1
Summonings     | |  4.0

Action                   || total
-------------------------++-------
Melee: Unarmed           ||    40
       Bite              ||    21
       Dagger            ||    46
 Cast: Summon Small Mamm ||    36
 Stab: Distracted        ||     1
  Eat: Chunk             ||     3
Armor: Robe              ||    13
       Ring mail         ||    19
Dodge: Dodged            ||    85
